 Dungeon Crawl Stone Soup version 0.30-a0-385-gfebfb9b408 (webtiles) character file.

Game seed: 6871251398706638253

37569 Bnni the Impaler (level 14, -4/116 HPs)
             Began as a Formicid Fighter on Dec 2, 2022.
             Was a Follower of Yredelemnul.
             Killed from afar by a fire dragon (43 damage)
             ... with a blast of flame
             ... on level 14 of the Dungeon.
             The game lasted 00:41:28 (16304 turns).

Bnni the Impaler (Formicid Fighter)                Turns: 16304, Time: 00:41:29

Health: -4/116     AC: 23    Str: 29    XL:     14   Next: 29%
Magic:  23/23      EV: 11    Int:  9    God:    Yredelemnul [*.....]
Gold:   1176       SH: 11    Dex: 13    Spells: 13/13 levels left

rFire   . . .      SeeInvis +    L - +0 halberd
rCold   + + .      Faith    .    c - +0 buckler
rNeg    + . .      Spirit   .    T - +1 plate armour {rC+}
rPois   .          Reflect  +    (helmet unavailable)
rElec   .          Harm     .    F - +2 cloak {rC+}
rCorr   .          Rampage  .    d - +2 pair of gloves
Will    +....                    j - +0 pair of boots
Stlth   ..........               E - amulet of reflection
HPRegen 0.39/turn                q - +4 ring of evasion
MPRegen 0.18/turn                R - ring of Oshysmom {rN+ Str+2 Int+2 Slay+3}

@: mighty, studying Armour
A: permanent stasis, dig shafts and tunnels, antennae 3, four strong arms
a: Dig, Shaft Self, Renounce Religion, Recall Undead Harvest


You were on level 14 of the Dungeon.
You worshipped Yredelemnul.
Yredelemnul was pleased with you.
You visited 1 branch of the dungeon, and saw 14 of its levels.
You also visited: Bailey and Ice Cave.

You collected 1385 gold pieces.
You spent 209 gold pieces at shops.

Inventory:

Hand Weapons
 f - a +6 broad axe
 w - a +0 glaive
 L - a +0 halberd (weapon)
 M - a +0 trident of freezing
Missiles
 r - 18 poisoned darts
 s - 25 boomerangs
 N - 11 javelins
Armour
 c - a +0 buckler (worn)
 d - a +2 pair of gloves (worn)
 j - a +0 pair of boots (worn)
 F - a +2 cloak of cold resistance (worn)
 I - a +1 kite shield of cold resistance
 T - a +1 plate armour of cold resistance (worn)
Jewellery
 q - a +4 ring of evasion (left hand)
 x - a ring of resist corrosion
 E - an amulet of reflection (around neck)
 O - a ring of protection from cold
 R - the ring of Oshysmom (right hand) {rN+ Str+2 Int+2 Slay+3}
   (You found it in a bailey)

   [ring of positive energy]

   Str:       It affects your strength (+2).
   Int:       It affects your intelligence (+2).
   Slay:      It affects your accuracy & damage with ranged weapons and melee
   (+3).
   rN:        It protects you from negative energy.
 V - a ring of flight
Wands
 a - a wand of mindburst (17)
 h - a wand of paralysis (25)
 k - a wand of acid (17)
 B - a wand of iceblast (33)
 C - a wand of digging (9)
Scrolls
 b - 2 scrolls of immolation {unknown}
 e - a scroll of summoning {unknown}
 i - a scroll of vulnerability
 l - a scroll of poison
 t - a scroll of magic mapping
 v - 4 scrolls of enchant weapon {unknown}
 y - 3 scrolls of fear
 z - 4 scrolls of blinking {unknown}
 A - 2 scrolls of butterflies
 G - 2 scrolls of brand weapon
 Q - 3 scrolls of amnesia {unknown}
 S - a scroll of silence {unknown}
Potions
 g - 5 potions of attraction {unknown}
 n - 7 potions of lignification
 o - 2 potions of resistance
 p - 4 potions of curing
 u - 8 potions of mutation {unknown}
 H - 2 potions of berserk rage {unknown}
 J - 3 potions of brilliance {unknown}
 K - 3 potions of ambrosia
 P - a potion of might
 U - a potion of invisibility {unknown}
Miscellaneous
 D - a phantom mirror


   Skills:
 + Level 12.9 Fighting
 * Level 16.0 Polearms
 - Level 10.0 Armour
 + Level 8.8 Shields
 + Level 12.4 Invocations


You had 13 spell levels left.
You didn't know any spells.
Your spell library contained the following spells:

 Spells                   Type           Power      Damage    Failure   Level
 Kiss of Death            Conj/Necr      0%         2d5       98%         1
 Necrotise                Necr           0%         1d4       98%         1
 Shock                    Conj/Air       0%         1d3       98%         1
 Cigotuvi's Dreadful Rot  Necr/Pois/Air  0%         N/A       99%         2
 Ensorcelled Hibernation  Hex/Ice        0%         N/A       99%         2
 Poisonous Vapours        Pois/Air       0%         N/A       99%         2
 Scorch                   Fire           0%         2d5       99%         2
 Sublimation of Blood     Necr           0%         N/A       99%         2
 Confusing Touch          Hex            0%         N/A       100%        3
 Frozen Ramparts          Ice            0%         1d1       100%        3
 Hailstorm                Conj/Ice       0%         3d3       100%        3
 Kindle Blastsparks       Fire/Tloc/Air  0%         2d10      100%        3
 Mephitic Cloud           Conj/Pois/Air  0%         N/A       100%        3
 Ozocubu's Armour         Ice            0%         N/A       100%        3
 Portal Projectile        Hex/Tloc       0%         N/A       100%        3
 Spider Form              Tmut/Pois      0%         N/A       100%        3
 Tukima's Dance           Hex            0%         N/A       100%        3
 Vampiric Draining        Necr           0%         2d6       100%        3
 Airstrike                Air            0%         2d(0-16)  100%        4
 Anguish                  Hex/Necr       0%         N/A       100%        4
 Dispel Undead            Necr           0%         3d6       100%        4
 Ice Form                 Ice/Tmut       0%         N/A       100%        4
 Petrify                  Tmut/Erth      0%         N/A       100%        4
 Sticky Flame             Conj/Fire      0%         2d3       100%        4
 Summon Ice Beast         Ice/Summ       0%         N/A       100%        4
 Agony                    Necr           0%         N/A       100%        5
 Blade Hands              Tmut           0%         N/A       100%        5
 Irradiate                Conj/Tmut      0%         3d11      100%        5
 Ozocubu's Refrigeration  Ice            0%         4d7       100%        7
 Swiftness                Air            Unusable   N/A       N/A         3
 Simulacrum               Ice/Necr       Unusable   N/A       N/A         6

Dungeon Overview and Level Annotations

Branches:
Dungeon (14/15)            Temple (0/1) D:7            Lair (0/5) D:9
    Orc (0/2) D:10         Vaults (0/5) D:13         Bailey (visited)
  IceCv (visited)

Altars:
Elyvilon
Kikubaaqudgha
Qazlal
Ru
Yredelemnul
The Shining One

Shops:
D:4 (([   D:8 ?[

Portals:
Trove: D:11 (give +3 fire dragon scales)

Annotations:
D:14 Odeis's ghost, journeyman OpCK


Innate Abilities, Weirdness & Mutations

You cannot be hasted, slowed, berserked, paralysed or teleported.
You can dig through walls and to a lower floor.
You have a pair of large antennae on your head. (SInv)
Your four strong arms can wield two-handed weapons with a shield.


Message History

Reach: L) +0 halberd
Press: ? - help, Dir - move target, f/p - fire dragon
Aim: a fire dragon (moderately wounded, ally target, about 25% to evade your +0 halberd)
You reach to attack!
You slice the fire dragon!!
The fire dragon is severely wounded.
Unknown command.
Reach: L) +0 halberd
Press: ? - help, Dir - move target, f/p - fire dragon
Aim: a fire dragon (severely wounded, ally target, about 25% to evade your +0 halberd)
The cyclops is in the way.
You slice the cyclops!!
The cyclops is heavily wounded.
Unknown command.
Reach: L) +0 halberd
Press: ? - help, Dir - move target, f/p - fire dragon
Aim: a fire dragon (severely wounded, ally target, about 25% to evade your +0 halberd)
The cyclops is in the way.
You hit the cyclops.
The cyclops is severely wounded.
Odeis's ghost casts a spell.
Odeis's ghost blinks!
The cyclops barely misses you.
Reach: L) +0 halberd
Press: ? - help, Dir - move target, f/p - fire dragon
Aim: a fire dragon (severely wounded, ally target, about 25% to evade your +0 halberd)
The cyclops is in the way.
You puncture the cyclops!
The cyclops is almost dead.
Unknown command.
Reach: L) +0 halberd
Press: ? - help, Dir - move target, f/p - fire dragon
Aim: a fire dragon (severely wounded, ally target, about 25% to evade your +0 halberd)
You reach to attack!
You slash the fire dragon!
The fire dragon is severely wounded.
You block the cyclops's attack.
Reach: L) +0 halberd
Press: ? - help, Dir - move target, f/p - fire dragon
Aim: a fire dragon (severely wounded, ally target, about 25% to evade your +0 halberd)
The cyclops is in the way.
You puncture the cyclops!
You kill the cyclops!
The fire dragon breathes flames at you. The blast of flame hits you!!!
You die...
Your body rises from the dead as a mindless zombie.

# #...# ..####..####.........
####...#####. #.<# #...######
............. #..# #...#
............. #..# #...#
.###..#####.. #..# #...# .#
#..#####...####..####...###### .#
#.................Z........... .#
#...#########Z###>.########... .#
#...#H#.....#@# #..# #..#
.###...#W.####H#(# #..# #..#
.......##|....WHD###..########..#
.......#D!.#...'..##............#
.......##!...#.'.................
.###...#W.##.#.#.###..#######....
[# #...#H# #...#.# #..# #...#
.###...#########.# #.Z# #...#
..............Z..# #..#######...#


You could see a fire dragon (catching breath, ally target), a minotaur, a
manticore, Odeis's ghost and a friendly ugly thing zombie.

Vanquished Creatures
  An ironbound preserver (D:13)
  An orc warlord (Bailey)
  2 boulder beetles
  5 centaur warriors
  3 two-headed ogres
  A death knight (D:13)
  Urug (D:10)
  4 skeletal warriors
  2 bog bodies (IceCv)
  Pikel (D:7)
  3 deep elf pyromancers
  A manticore (D:8)
  8 ugly things
  4 cyclopes
  An ice statue (IceCv)
  3 gargoyles
  3 unseen horrors
  3 freezing wraiths
  A komodo dragon (D:12)
  3 anaconda simulacra (IceCv)
  A tengu conjurer (D:13)
  A polar bear (D:8)
  6 trolls
  Prince Ribbit (D:7)
  Grinder (D:4)
  2 shadows
  3 wyverns
  3 wraiths
  2 dire elephant simulacra (IceCv)
  A vampire (D:12)
  2 basilisks
  17 yaks
  2 death yak simulacra (IceCv)
  3 vampire mosquitoes (D:13)
  An acid dragon (D:10)
  2 hydra simulacra (IceCv)
  4 water moccasins
  3 ice beasts
  3 orc warriors (Bailey)
  2 black bears (D:8)
  3 ogres
  6 centaurs
  5 wolves
  2 gnoll sergeants
  2 bullfrogs
  2 necrophages (D:6)
  9 two-headed ogre simulacra
  2 scorpions (D:5)
  3 cane toad simulacra (IceCv)
  9 killer bees
  2 elephant simulacra (IceCv)
  7 howler monkeys
  An electric eel (D:8)
  A bullfrog zombie (D:6)
  A human zombie (D:6)
  2 orc priests
  3 hounds
  2 jellies
  2 iguanas
  Crazy Yiuf (D:3)
  7 orc wizards
  2 polar bear simulacra
  A killer bee zombie (D:6)
  6 spriggan simulacra
  6 troll simulacra
  2 wolf simulacra (IceCv)
  4 mummies (D:6)
  A howler monkey zombie (D:6)
  A killer bee simulacrum (D:8)
  10 gnolls
  9 adders
  5 naga simulacra
  A shadow imp (D:6)
  8 white imps
  8 ufetubi
  4 worms
  A dart slug (D:1)
  24 orcs
  5 ball pythons
  4 endoplasms
  3 giant cockroaches
  6 hobgoblins
  7 jackals
  3 quokkas
  3 bats
  12 goblins
  14 kobolds
  7 rats
340 creatures vanquished.

Vanquished Creatures (collateral kills)
  An ugly thing (D:12)
  A kobold demonologist (D:13)
  A wraith (D:12)
  4 yaks
  4 vampire mosquitoes (D:13)
  A black bear (D:8)
  An ogre (D:6)
  A kobold brigand (D:9)
  A wight (D:6)
  A howler monkey (D:13)
  2 bullfrog zombies (D:6)
  An iguana (D:7)
  4 gnolls
  2 orcs
  A goblin (Bailey)
  A jackal (D:3)
  3 kobolds
30 creatures vanquished.

Vanquished Creatures (others)
  A wizard (D:14)
  An ugly thing zombie (D:14)
  Joseph (D:9)
  An unseen horror zombie (D:13)
  A spectral yak (D:13)
  An elf zombie (D:14)
  A human zombie (D:7)
  A vampire mosquito zombie (D:13)
  A komodo dragon zombie (D:12)
  A wyvern zombie (D:8)
  5 yak zombies
  2 ogre zombies
  A howler monkey zombie (D:13)
  An iguana zombie (D:5)
  4 spectral white imps (IceCv)
  2 adder zombies
  4 gnoll zombies
  An endoplasm zombie (D:3)
  4 goblin zombies (Bailey)
  3 jackal zombies (D:3)
  6 kobold zombies
  5 orc zombies
  5 spectral ufetubi (IceCv)
  A butterfly (D:10)
  A fungus (D:9)
  10 plants
65 creatures vanquished.

Grand Total: 435 creatures vanquished

Notes
Turn   | Place    | Note
-------+----------+-------------------------------------------
     0 | D:1      | Bnni the Formicid Fighter began the quest for the Orb.
     0 | D:1      | Reached XP level 1. HP: 18/18 MP: 1/1
    99 | D:1      | Reached XP level 2. HP: 24/24 MP: 2/2
   612 | D:2      | Reached XP level 3. HP: 29/29 MP: 3/3
  1184 | D:2      | Reached skill level 3 in Polearms
  1184 | D:2      | Reached skill level 5 in Shields
  1184 | D:2      | Reached XP level 4. HP: 29/37 MP: 4/4
  1778 | D:3      | Reached XP level 5. HP: 29/42 MP: 5/5
  1780 | D:3      | Reached skill level 4 in Polearms
  1956 | D:3      | Found a basalt altar of Yredelemnul.
  1966 | D:3      | Became a worshipper of Yredelemnul the Dark
  1979 | D:3      | Reached XP level 6. HP: 41/49 MP: 6/6
  2212 | D:3      | Reached * piety under Yredelemnul
  2297 | D:3      | Found a runed translucent door.
  2298 | D:3      | Noticed Crazy Yiuf
  2316 | D:3      | Killed Crazy Yiuf
  2676 | D:4      | Noticed Grinder
  2694 | D:4      | Killed Grinder
  2695 | D:4      | Reached skill level 5 in Fighting
  2695 | D:4      | Reached skill level 5 in Polearms
  2695 | D:4      | Reached XP level 7. HP: 41/56 MP: 7/7
  2829 | D:4      | Found a sacrificial altar of Ru.
  2910 | D:4      | Found Huah's Weapon Emporium.
  2954 | D:4      | Reached skill level 6 in Polearms
  3013 | D:4      | Reached ** piety under Yredelemnul
  3079 | D:4      | Found Leisus's Weapon Shoppe.
  3102 | D:4      | Found Keret's Armour Shop.
  3262 | D:4      | Noticed a yak
  3263 | D:4      | Noticed a yak
  3266 | D:4      | Noticed a yak
  3268 | D:4      | Noticed a yak
  3270 | D:4      | Killed a yak
  3276 | D:4      | Killed a yak
  3276 | D:4      | Reached *** piety under Yredelemnul
  3277 | D:4      | Reached skill level 7 in Polearms
  3277 | D:4      | Reached skill level 1 in Invocations
  3277 | D:4      | Reached XP level 8. HP: 47/64 MP: 7/9
  3282 | D:4      | Killed a yak
  3285 | D:4      | Killed a yak
  3572 | D:4      | Bought a +2 pair of gloves for 165 gold pieces
  3592 | D:5      | Entered Level 5 of the Dungeon
  4037 | D:5      | Reached skill level 8 in Polearms
  4172 | D:5      | Reached XP level 9. HP: 71/71 MP: 11/11
  5012 | D:6      | Reached skill level 9 in Polearms
  5247 | D:6      | Found an ancient bone altar of Kikubaaqudgha.
  5263 | D:6      | Reached skill level 5 in Invocations
  5874 | D:7      | Reached XP level 10. HP: 80/80 MP: 14/14
  5915 | D:7      | Noticed Prince Ribbit
  5918 | D:7      | Found a staircase to the Ecumenical Temple.
  5918 | D:7      | Noticed a boulder beetle
  5933 | D:7      | Killed Prince Ribbit
  5934 | D:7      | Reached skill level 10 in Polearms
  5948 | D:7      | Your ally Prince Ribbit died
  5972 | D:7      | Killed a boulder beetle
  6091 | D:7      | Noticed Pikel
  6110 | D:7      | Killed Pikel
  6671 | D:8      | Noticed a manticore
  6671 | D:8      | Found Ruets's Magic Scroll Boutique.
  6685 | D:8      | Killed a manticore
  6686 | D:8      | Reached skill level 11 in Polearms
  6751 | D:8      | Bought a scroll of fear for 44 gold pieces
  7148 | D:8      | Reached XP level 11. HP: 71/89 MP: 16/16
  7194 | D:8      | Reached skill level 12 in Polearms
  7420 | D:8      | Found Zoowu's Antique Armour Emporium.
  7659 | D:8      | Identified a scroll of acquirement
  7660 | D:8      | Acquired a manual of Armour
  7725 | D:8      | Reached skill level 10 in Fighting
  7726 | D:8      | Reached **** piety under Yredelemnul
  7772 | D:8      | Reached ***** piety under Yredelemnul
  7964 | D:8      | Found a glowing golden altar of the Shining One.
  8033 | D:9      | Found a flagged portal.
  8106 | D:9      | Noticed Joseph
  8368 | D:9      | Killed Joseph
  8369 | D:9      | Reached skill level 5 in Armour
  8442 | Bailey   | Entered a bailey
  8447 | Bailey   | Noticed an orc warlord
  8583 | Bailey   | Found a runed translucent gate.
  8584 | Bailey   | Found a runed translucent gate.
  8598 | Bailey   | Found a runed translucent gate.
  8675 | Bailey   | Killed an orc warlord
  8697 | Bailey   | Identified the ring of Oshysmom {rN+ Str+2 Int+2 Slay+3}
  8773 | D:9      | Acquired 415 gold pieces
  8793 | D:9      | Reached skill level 13 in Polearms
  8920 | D:9      | Found a staircase to the Lair.
  9152 | D:9      | Reached XP level 12. HP: 99/99 MP: 19/19
  9229 | D:10     | Entered Level 10 of the Dungeon
  9257 | D:10     | Noticed a two-headed ogre
  9264 | D:10     | Killed a two-headed ogre
  9813 | D:10     | Found a staircase to the Orcish Mines.
  9815 | D:10     | Noticed Urug
  9828 | D:10     | Killed Urug
  9874 | D:10     | Found a white marble altar of Elyvilon.
 10057 | D:11     | Noticed a centaur warrior
 10068 | D:11     | Killed a centaur warrior
 10069 | D:11     | Reached skill level 10 in Invocations
 10427 | D:11     | Found a portal to a secret trove of treasure.
 10577 | D:11     | Noticed a two-headed ogre
 10581 | D:11     | Killed a two-headed ogre
 10833 | D:12     | Noticed a boulder beetle
 10875 | D:12     | Reached skill level 14 in Polearms
 10892 | D:12     | Killed a boulder beetle
 10904 | D:12     | Found a frozen archway.
 11020 | IceCv    | Entered an ice cave
 11571 | IceCv    | Reached XP level 13. HP: 73/106 MP: 21/21
 13230 | D:13     | Found a stormy altar of Qazlal.
 13238 | D:13     | Reached skill level 10 in Armour
 13485 | D:13     | Noticed a centaur warrior
 13493 | D:13     | Killed a centaur warrior
 13494 | D:13     | Reached skill level 15 in Polearms
 13529 | D:13     | Noticed a centaur warrior
 13537 | D:13     | Killed a centaur warrior
 13700 | D:13     | Found a gate to the Vaults.
 13806 | D:13     | Noticed an ironbound preserver
 13816 | D:13     | Killed an ironbound preserver
 14098 | D:13     | Reached ****** piety under Yredelemnul
 14401 | D:13     | Got Sif Muna's Verses on the Fiery Chill
 15034 | D:14     | Reached XP level 14. HP: 116/116 MP: 23/23
 15086 | D:14     | HP: 5/114 [centaur warrior/arrow (13)]
 16010 | D:14     | Noticed a minotaur
 16011 | D:14     | Noticed Odeis's ghost (journeyman OpCK)
 16057 | D:14     | Reached skill level 16 in Polearms
 16154 | D:14     | Found a runed translucent gate.
 16154 | D:14     | Found a runed translucent gate.
 16154 | D:14     | Found a runed translucent gate.
 16304 | D:14     | Killed from afar by a fire dragon

Illustrated notes

Levels and vault maps discovered:
D:1:      dpeg_arrival_tiny_h, layout_basic, hangedman_decor_push
D:2:      layout_loops_corners, minmay_parallelograms
D:3:      layout_basic, mainiacjoe_overflow_boulevard, uniq_crazy_yiuf_cottage
D:4:      layout_loops_ring, nicolae_ru_sacrificial_ziggurat, serial_shops,
          shop, nicolae_shop_bloodbath_and_beyond, shop_fountains, uniq_grinder
D:5:      layout_basic, minmay_checkerbox
D:6:      layout_loops_cross, lemuel_mausoleum_altar_kikubaaqudgha
D:7:      layout_loops_cross, minmay_temple_entry_statues_fountains,
          minmay_crystal_room, minmay_misc_feat_rugged, kennysheep_crisscross,
          uniq_prince_ribbit1, uniq_pikel
D:8:      layout_loops_ring, tso_oasis_becter, serial_ice, serial_ice_a,
          serial_ice_d, serial_ice_k, serial_ice_e, serial_shops, shop, shop
D:9:      layout_big_octagon, minmay_lair_entry_grove, enter_bailey_6,
          uniq_joseph
D:10:     layout_basic, nicolae_elyvilon_peaceful_grove, uniq_urug
D:11:     layout_irregular_city, enter_trove_1
D:12:     layout_basic, portal_ice_cave_entry_ice_simulacra
D:13:     layout_irregular_city, skrybe_vaults_entry_preservation,
          nicolae_qazlal_scattered_showers
D:14:     layout_small_grid, maelrawn_ghost_gauntlet_escape,
          serial_park_tiny_pond

Skill      XL: |  1  2  3  4  5  6  7  8  9 10 11 12 13 14 |
---------------+-------------------------------------------+-----
Polearms       | 3 4 5 7 8 9 11 13 14 15 16 | 16.0
Shields        | 5 8 |  8.8
Fighting       | 4 5 6 8 9 10 11 12 | 12.9
Invocations    | 1 3 5 7 9 10 12 | 12.4
Armour         | 6 9 10 | 10.0

Action                   |  1- 3 |  4- 6 |  7- 9 | 10-12 | 13-15 || total
-------------------------+-------+-------+-------+-------+-------++-------
Melee: Trident           |    82 |   159 |   312 |   217 |       ||   770
       Halberd           |       |       |       |   471 |   341 ||   812
Throw: Throwing net      |       |     1 |       |     1 |       ||     2
       Dart              |       |       |     1 |    14 |       ||    15
Invok: Recall Undead Har |       |       |     2 |     5 |       ||     7
       Dark Bargain      |       |       |       |     1 |       ||     1
       Bind Soul         |       |       |       |       |     1 ||     1
 Abil: Dig               |       |       |       |     1 |     2 ||     3
Evoke: Phantom mirror    |       |       |       |     1 |       ||     1
       Wand              |       |       |       |       |     1 ||     1
  Use: Scroll            |       |     6 |     4 |     8 |     2 ||    20
       Potion            |       |       |     1 |     2 |    10 ||    13
 Stab: Distracted        |       |       |     2 |     4 |     6 ||    12
Armor: Scale mail        |    25 |       |       |       |       ||    25
       Chain mail        |     9 |    66 |    41 |       |       ||   116
       Plate armour      |       |       |    31 |   252 |   122 ||   405
Dodge: Dodged            |    17 |    83 |    88 |   282 |    77 ||   547
Block: Buckler           |    15 |    40 |    51 |   276 |   116 ||   498
       Reflection        |       |       |     3 |    20 |    13 ||    36

Table legend: (Time is in decaauts)
 A = Elapsed time spent in this place.
 B = Non-inter-level travel time spent in this place.
 C = Inter-level travel time spent in this place.
 D = Time resting spent in this place.
 E = Time spent auto-exploring this place.
 F = Levels seen in this place.
 G = Mean time per level.
                   A        B        C        D        E       F      G
               +--------+--------+--------+--------+--------+-----+--------+
         Total |  16133 |  15517 |    616 |   2448 |   9846 |  16 | 1008.3 |
       Dungeon |  14457 |  13841 |    616 |   1775 |   9437 |  14 | 1032.6 |
        Bailey |    330 |    330 |      0 |      0 |     83 |   1 |  330.0 |
      Ice Cave |   1344 |   1344 |      0 |    673 |    326 |   1 | 1344.0 |
               +--------+--------+--------+--------+--------+-----+--------+

Top non-repeatable levels by time:
    D:13: 2258 daAuts
   IceCv: 1344 daAuts
     D:8: 1335 daAuts
    D:12: 1334 daAuts
     D:7: 1324 daAuts
     D:5: 1114 daAuts
     D:2: 1068 daAuts
     D:3: 1014 daAuts
     D:4: 980 daAuts
     D:6: 890 daAuts
    D:10: 767 daAuts
    D:14: 656 daAuts
    D:11: 597 daAuts
     D:1: 567 daAuts
     D:9: 546 daAuts
